 Dungeon Crawl Stone Soup version 0.31-a0-859-g9dce7d3444 (webtiles) character file.

Game seed: 2571351439409819622

16069 Ge0ff the Skirmisher (level 12, -9/79 HPs)
             Began as an Octopode Hexslinger on Oct 9, 2023.
             Was a Believer of Ashenzari.
             Mangled by a troll (18 damage)
             ... on level 13 of the Dungeon.
             The game lasted 00:49:21 (19632 turns).

Ge0ff the Skirmisher (Octopode Hexslinger)         Turns: 19632, Time: 00:49:22

Health: -9/79      AC:  1    Str:  7    XL:     12   Next: 33%
Magic:  24/25      EV: 12    Int: 23    God:    Ashenzari [**....]
Gold:   581        SH:  5    Dex: 14    Spells: 6/29 levels left

rFire   . . .        a - +3 sling of the Lashed Firmament {venom, Range, Self} (curse)
rCold   . . .        Q - +0 buckler "Oblivion of Ashenzari" {Fort, Dev} (curse)
rNeg    + . .        (helmet restricted)
rPois   .            P - amulet "Share My Bad Feelings" {RegenMP, Elem, Dev} (curse)
rElec   .            M - ring "Behold Eternity" {Wiz Int+2, Elem, Bglg} (curse)
rCorr   .            W - ring "All-seeing the Doldrums" {rN+, Comp, Dev} (curse)
SInv    +            (no ring)
Will    .....        (no ring)
Stlth   +++          (no ring)
HPRegen 0.33/turn    (no ring)
MPRegen 0.59/turn    (no ring)
                     (no ring)

%: wizardry (x1)
@: hasted, very quick
A: almost no armour, amphibious, 8 rings, camouflage 1, gelatinous body 1,
(nimble swimmer 1), tentacles
a: Renounce Religion, Shatter the Chains


You were on level 13 of the Dungeon.
You worshipped Ashenzari.
Ashenzari was pleased with you.
You visited 2 branches of the dungeon, and saw 16 of its levels.
You also visited: Ossuary.

You collected 901 gold pieces.
You spent 320 gold pieces at shops.

Inventory:

Hand Weapons
 a - the cursed +3 sling of the Lashed Firmament (weapon) {venom, Range, Self}
   (You bought it in a shop on level 7 of the Dungeon)

   It has a curse which improves the following skills: Ranged Combat: Ranged
   Weapons and Throwing.
   Introspection: Fighting and Spellcasting.
 b - a +1 sling
Missiles
 g - 3 throwing nets {=F}
 v - 4 curare-tipped darts {=F}
 O - 46 poisoned darts
 R - 6 boomerangs
Armour
 Q - the cursed +0 buckler "Oblivion of Ashenzari" (worn) {Fort, Dev}
   (You found it on level 3 of the Dungeon)

   It has a curse which improves the following skills: Fortitude: Shields.
   Devices:   Evocations and Shapeshifting.
Jewellery
 M - the cursed ring "Behold Eternity" (left tentacle) {Wiz Int+2, Elem, Bglg}
   (You acquired it in an ossuary)

   [ring of wizardry]

   Wiz:       It improves your spell success rate.
   Int+2:     It affects your intelligence (+2).
   It has a curse which improves the following skills: Elements: Fire Magic, Ice
   Magic, Air Magic and Earth Magic.
   Beguiling: Conjurations, Hexes and Translocations.
 P - the cursed amulet "Share My Bad Feelings" (around mantle) {RegenMP, Elem, Dev}
   (You found it on level 7 of the Dungeon)

   [amulet of magic regeneration]

   RegenMP:   It increases your rate of magic regeneration.
   It has a curse which improves the following skills: Elements: Fire Magic, Ice
   Magic, Air Magic and Earth Magic.
   Devices:   Evocations and Shapeshifting.
 W - a cursed ring "All-seeing the Doldrums" (right tentacle) {rN+, Comp, Dev}
   (You found it on level 5 of the Dungeon)

   [ring of positive energy]

   rN+:       It protects you from negative energy.
   It has a curse which improves the following skills: Companions: Summonings
   and Necromancy.
   Devices:   Evocations and Shapeshifting.
Wands
 f - a wand of flame (58)
 k - a wand of iceblast (3)
 p - a wand of paralysis (13)
 s - a wand of mindburst (9)
Scrolls
 y - 2 scrolls of immolation
 C - 3 scrolls of poison
 F - 3 scrolls of fog
 J - 2 scrolls of silence {!r}
 U - a scroll of brand weapon
 V - a scroll of vulnerability
 Y - 2 scrolls of enchant armour
Potions
 q - 5 potions of curing
 u - 2 potions of mutation {!q}
 A - 2 potions of attraction
 H - a potion of haste {!q}
 I - a potion of invisibility
 L - 3 potions of lignification
 N - a potion of cancellation {!q}
 X - 2 potions of enlightenment
 Z - a potion of berserk rage {!q}


   Skills:
 - Level 5.0(6.1) Fighting
 - Level 10.8(11.9) Ranged Weapons
 - Level 2.0 Dodging
 - Level 3.0 Stealth
 - Level 3.9(5.0) Shields
 - Level 8.0(9.1) Spellcasting
 - Level 5.0(6.1) Hexes
 - Level 4.0(5.0) Summonings
 - Level 2.0(3.3) Fire Magic
 + Level 10.8(12.5) Ice Magic
 - Level 3.0(5.0) Evocations


You had 6 spell levels left.
You knew the following spells:

 Your Spells              Type           Power      Damage    Failure   Level
a - Summon Small Mammal   Summ           100%       N/A       1%          1
d - Call Canine Familiar  Summ           33%        N/A       1%          3
f - Summon Guardian Gole  Hex/Summ       36%        N/A       1%          3
j - Inner Flame           Hex/Fire       32%        N/A       1%          3
p - Dimensional Bullseye  Hex/Tloc       12%        N/A       11%         4
s - Jinxbite              Hex            76%        N/A       1%          2
C - Ozocubu's Refrigerat  Ice            31%        4d14      19%         7

Your spell library contained the following spells:

 Spells                   Type           Power      Damage    Failure   Level
 Confusing Touch          Hex            38%        N/A       1%          3
 Frozen Ramparts          Ice            100%       1d16      1%          3
 Ozocubu's Armour         Ice            62%        N/A       1%          3
 Sigil of Binding         Hex            38%        N/A       1%          3
 Summon Ice Beast         Ice/Summ       50%        N/A       1%          4
 Metabolic Englaciation   Hex/Ice        26%        N/A       2%          5
 Kiss of Death            Conj/Necr      44%        2d8       3%          1
 Cause Fear               Hex            19%        N/A       3%          4
 Blink                    Tloc           22%        N/A       6%          2
 Cigotuvi's Dreadful Rot  Necr/Pois/Air  22%        N/A       6%          2
 Lesser Beckoning         Tloc           22%        N/A       6%          2
 Momentum Strike          Conj/Tloc      22%        3d8       6%          2
 Stone Arrow              Conj/Erth      22%        3d8       11%         3
 Summon Mana Viper        Hex/Summ       36%        N/A       11%         5
 Dispel Undead            Necr           11%        3d9       32%         4
 Petrify                  Tmut/Erth      11%        N/A       32%         4
 Death Channel            Necr           5%         N/A       99%         6
 Monstrous Menagerie      Summ           16%        N/A       98%         7
 Haunt                    Necr/Summ      11%        N/A       100%        7
 Borgnjor's Revivificati  Necr           5%         N/A       100%        8
 Lehudib's Crystal Spear  Conj/Erth      5%         10d3      100%        8
 Death's Door             Necr           5%         N/A       100%        9
 Animate Armour           Summ/Erth      Unusable   N/A       N/A         4

Dungeon Overview and Level Annotations

Branches:
Dungeon (15/15) Zot: 26858  Temple (1/1) D:7 Zot: 5945    Lair (0/5) D:8
    Orc (0/2) D:10         Vaults (0/5) D:14        Ossuary (visited)
 Depths: D:15

Altars:
Ashenzari
Cheibriados
Dithmenos
Elyvilon
Fedhas
Gozag
Hepliaklqana
Kikubaaqudgha
Makhleb
Nemelex Xobeh
Okawaru
Qazlal
Ru
Sif Muna
Trog
Uskayaw
Vehumet
Wu Jian
Xom
Yredelemnul
Zin
The Shining One

Shops:
D:2 *   D:7 *   D:9 ?

Annotations:
D:14 Nessos


Innate Abilities, Weirdness & Mutations

You cannot wear most types of armour.
You are amphibious.
You can wear up to eight rings at the same time.
Your skin changes colour to match your surroundings (Stealth+).
Your rubbery body absorbs attacks. (AC +1, EV +1)
((You are camouflaged when in or above water. (Stealth+)))
You have tentacles for arms and can constrict up to eight enemies at once.


Message History

The vampire mosquito resists with significant effort.
The vampire mosquito barely misses you.
Your hound barely misses the troll.
The vampire mosquito barely misses you.
Aiming: Paralyse
Press: ? - help, Shift-Dir - straight line, f/p - vampire mosquito
Aim: a vampire mosquito (chance to affect: 62%)
The vampire mosquito suddenly stops moving!
Your hound bites the troll.
Your hound barely misses the troll.
Your hound bites the troll.
Casting: Call Canine Familiar (safe; 1% risk of failure)
Confirm with . or Enter, or press ? or * to list all spells.
Aiming: Inner Flame (safe; 1% risk of failure)
Press: ? - help, Dir - move target, f/p - vampire mosquito
Aim: a vampire mosquito (paralysed, chance to affect: 85%)
The vampire mosquito is filled with an inner flame.
Your hound bites the troll but does no damage.
Aiming: Quicksilver Bolt
Press: ? - help, Shift-Dir - straight line, f/p - vampire mosquito
Aim: a vampire mosquito (inner flame, paralysed, 100% to hit)
The bolt of dispelling energy hits the vampire mosquito!!
The vampire mosquito is severely damaged.
The bolt of dispelling energy hits the vampire mosquito!!
Flame seeps out of the vampire mosquito.
The vampire mosquito is almost destroyed.
The vampire mosquito's magical effects unravel!
The now-empty wand crumbles to dust.
The vampire mosquito is engulfed in blazing flames.
You destroy the vampire mosquito!
The vampire mosquito bites you.
The vampire mosquito draws strength from your injuries!
The vampire mosquito barely misses you.
Your hound bites the troll.
The troll bites you. You block the troll's attack. The troll barely misses you.
A vampire mosquito comes into view.
The vampire mosquito attacks as it pursues you!
The vampire mosquito bites you.
The vampire mosquito draws strength from your injuries!
Your hound bites the troll but does no damage.
The vampire mosquito barely misses you.
Your hound barely misses the troll.
You close the door.
The vampire mosquito bites you.
* * * LOW HITPOINT WARNING * * *
The vampire mosquito draws strength from your injuries!
The vampire mosquito bites you!
* * * LOW HITPOINT WARNING * * *
The vampire mosquito draws strength from your injuries!
The vampire mosquito closely misses your hound.
You feel yourself speed up.
Your hound bites the troll.
The vampire mosquito barely misses you. The vampire mosquito bites you.
* * * LOW HITPOINT WARNING * * *
The troll bites you!!
You die...

.##.....##....#
..#......y........#
...
).#....y..>.......#
..
.#########.y..##..#..
.##.....##....##..#.
.)......##....##.$'
.##.....##....##..#
###.....##....y+..#
########....##@y#
...'...{##yT#
#.....yh.# #........#
#........# #........#
[..'........+
...##....##..# ..
#....##(.#


You could see a troll (poisoned, slow, ally target), 3 vampire mosquitoes and a
friendly hound (summoned).

Vanquished Creatures
  Harold (D:11)
  Erica (D:11)
  2 two-headed ogres
  A death yak (D:8)
  Pikel (D:7)
  Maurice (D:11)
  A kobold demonologist (D:13)
  3 trolls
  A hornet (D:9)
  Grinder (D:5)
  A spriggan (shapeshifter) (D:15)
  A basilisk (D:13)
  2 wraiths
  7 yaks
  Grum (D:10)
  A vampire mosquito (D:13)
  2 water moccasins (D:7)
  6 orc warriors
  2 ice beasts
  2 sky beasts (D:7)
  2 ogres
  4 centaurs
  2 wolves (D:10)
  A phantom (D:5)
  5 kobold brigands
  9 scorpions
  9 wights
  9 killer bees
  6 howler monkeys
  2 jellies
  10 orc priests
  2 hounds
  4 iguanas
  Terence (D:2)
  A sleepcap (D:7)
  14 orc wizards
  4 hell rats (D:8)
  11 mummies (Ossuary)
  4 adders
  2 gnolls (D:6)
  A river rat (D:7)
  5 white imps
  2 worms (D:2)
  A dart slug (D:2)
  36 orcs
  7 endoplasms
  5 giant cockroaches
  7 goblins
  9 hobgoblins
  4 jackals (D:1)
  8 quokkas
  3 ball pythons
  3 bats
  4 frilled lizards
  2 gnoll skeletons (Ossuary)
  2 goblin skeletons (Ossuary)
  23 kobolds
  3 kobold skeletons (Ossuary)
  An orc skeleton (Ossuary)
  7 rats
  11 rat skeletons (Ossuary)
  2 butterflies (D:6)
286 creatures vanquished.

Vanquished Creatures (collateral kills)
  A death yak (D:8)
  Maggie (D:8)
  A shadow (D:11)
  A black bear (D:4)
  2 orc priests
  2 hounds
  A sleepcap (D:6)
  An adder (D:7)
  3 orcs (D:4)
  4 kobolds
17 creatures vanquished.

Vanquished Creatures (others)
  A death yak (D:7)
  A gargoyle (D:12)
  2 yaks (D:10)
  4 vampire mosquitoes (D:12)
  A warg (D:10)
  2 acid dragons
  A black bear (D:5)
  3 ice beasts
  An ogre (D:6)
  A centaur (D:9)
  A scorpion (D:6)
  A wight (D:9)
  2 killer bees (D:6)
  A gnoll bouda (D:6)
  A mummy (Ossuary)
  A gnoll (D:6)
  A butterfly (D:10)
25 creatures vanquished.

Grand Total: 328 creatures vanquished

Notes
Turn   | Place    | Note
-------+----------+-------------------------------------------
     0 | D:1      | Ge0ff the Octopode Hexslinger began the quest for the Orb.
     0 | D:1      | Reached XP level 1. HP: 13/13 MP: 2/2
   277 | D:1      | Reached XP level 2. HP: 18/18 MP: 3/3
   280 | D:1      | Learned a level 2 spell: Jinxbite
   518 | D:1      | Reached skill level 1 in Stealth
   616 | D:1      | Reached XP level 3. HP: 21/23 MP: 4/4
   987 | D:2      | Found Ycrysaqo's General Store.
   992 | D:2      | Bought a potion of heal wounds for 70 gold pieces
  1073 | D:2      | Bought a scroll of identify for 28 gold pieces
  1379 | D:2      | Noticed Terence
  1808 | D:3      | Reached XP level 4. HP: 9/29 MP: 2/6
  2191 | D:3      | Reached XP level 5. HP: 34/34 MP: 4/7
  2472 | D:4      | Found a glowing silver altar of Zin.
  2472 | D:4      | Noticed an angel
  2532 | D:4      | Noticed a black bear
  2537 | D:4      | Killed a black bear
  2543 | D:4      | Reached XP level 6. HP: 30/40 MP: 5/9
  2733 | D:4      | Found a sand-covered staircase.
  2755 | Ossuary  | Entered an ossuary
  2768 | Ossuary  | Learned a level 3 spell: Inner Flame
  2772 | Ossuary  | Learned a level 3 spell: Summon Guardian Golem
  2774 | Ossuary  | Learned a level 1 spell: Summon Small Mammal
  3012 | Ossuary  | Reached skill level 1 in Summonings
  3199 | Ossuary  | Identified a scroll of acquirement
  3200 | Ossuary  | Acquired the ring of Iheffar {Wiz Int+2}
  3740 | Ossuary  | Reached XP level 7. HP: 45/45 MP: 1/10
  4374 | D:5      | Entered Level 5 of the Dungeon
  4981 | D:5      | Reached XP level 8. HP: 42/52 MP: 9/12
  5059 | D:5      | Found a shimmering altar of Xom.
  5085 | D:5      | Reached skill level 5 in Hexes
  5169 | D:5      | Reached skill level 5 in Ranged Weapons
  5500 | D:5      | Noticed Grinder
  5534 | D:5      | Killed Grinder
  6039 | D:6      | Reached skill level 5 in Fighting
  6512 | D:6      | Reached XP level 9. HP: 48/61 MP: 10/13
  6601 | D:6      | Learned a level 3 spell: Call Canine Familiar
  6906 | D:6      | Found a runed translucent door.
  6908 | D:6      | Found a runed translucent door.
  7270 | D:6      | HP: 3/61 [poisoned by a killer bee]
  7273 | D:6      | HP: 1/61 [poisoned by a killer bee]
  7561 | D:7      | Reached skill level 1 in Ice Magic
  7570 | D:7      | Noticed Pikel
  7576 | D:7      | Killed Pikel
  7741 | D:7      | Found a staircase to the Ecumenical Temple.
  7758 | Temple   | Entered the Ecumenical Temple
  7785 | Temple   | Became a worshipper of Ashenzari the Shackled
  9125 | D:7      | Found Tossiu's Serpentskin Sales.
  9134 | D:7      | Reached XP level 10. HP: 66/66 MP: 7/17
  9281 | D:7      | Bought 4 curare-tipped darts for 57 gold pieces
  9281 | D:7      | Bought a +2 sling of venom for 165 gold pieces
  9444 | D:2      | Killed Terence
  9602 | D:6      | Reached skill level 5 in Spellcasting
  9905 | D:8      | Noticed a death yak
 10525 | D:8      | Noticed Maggie
 10565 | D:8      | Noticed a death yak
 10565 | D:8      | Noticed a death yak
 10565 | D:8      | Found a staircase to the Lair.
 10580 | D:7      | Killed a death yak
 10581 | D:7      | Reached skill level 10 in Ranged Weapons
 10581 | D:7      | Reached skill level 5 in Ice Magic
 10782 | D:8      | Killed a death yak
 11845 | D:8      | Found a hide-covered altar of Uskayaw.
 11904 | D:8      | Killed Maggie
 11917 | D:8      | Killed a death yak
 11918 | D:8      | Reached XP level 11. HP: 25/71 MP: 19/21
 12339 | D:9      | Found a blossoming altar of Fedhas.
 12627 | D:9      | Reached * piety under Ashenzari
 12646 | D:9      | Learned a level 7 spell: Ozocubu's Refrigeration
 13188 | D:9      | Found a snail-covered altar of Cheibriados.
 13496 | D:9      | Found Past's Magic Scroll Shop.
 13579 | D:10     | Entered Level 10 of the Dungeon
 14147 | D:10     | Reached skill level 1 in Shields
 14361 | D:10     | Found a white marble altar of Elyvilon.
 14428 | D:10     | Noticed Grum
 14438 | D:10     | Killed Grum
 14510 | D:10     | Learned a level 4 spell: Dimensional Bullseye
 14991 | D:10     | Noticed a two-headed ogre
 15008 | D:10     | Killed a two-headed ogre
 15042 | D:10     | Identified the +2 ring mail "Pyvakibape" {Int+4 Dex+2}
 15454 | D:10     | Found a staircase to the Orcish Mines.
 15550 | D:10     | Found a staircase to the Orcish Mines.
 15650 | D:10     | Found a white marble altar of Elyvilon.
 16902 | D:11     | Noticed Maurice
 16908 | D:11     | Killed Maurice
 16912 | D:11     | Reached ** piety under Ashenzari
 17028 | D:11     | Reached skill level 1 in Evocations
 17839 | D:11     | Noticed a two-headed ogre
 17862 | D:11     | Killed a two-headed ogre
 18008 | D:11     | Noticed Erica
 18055 | D:11     | Killed Erica
 18056 | D:11     | Reached XP level 12. HP: 21/77 MP: 18/24
 18576 | D:11     | Noticed Harold
 18594 | D:11     | Killed Harold
 18776 | D:10     | Found a stormy altar of Qazlal.
 18829 | D:11     | Reached skill level 10 in Ice Magic
 19297 | D:12     | You fall into a shaft and drop 3 floors!
 19297 | D:15     | Entered Level 15 of the Dungeon
 19487 | D:14     | Noticed a centaur warrior
 19487 | D:14     | Noticed a two-headed ogre
 19487 | D:14     | Noticed Nessos
 19487 | D:14     | Found a gate to the Vaults.
 19489 | D:14     | HP: 1/79 [troll (12)]
 19632 | D:13     | Mangled by a troll

Illustrated notes

Levels and vault maps discovered:
D:1:      dpeg_arrival_radiant, layout_loops_ring, kennysheep_nondescript
D:2:      layout_loops_cross, serial_shops, nicolae_shop_hallway_stairs,
          uniq_terence
D:3:      layout_rooms, kennysheep_generic_room_15
D:4:      layout_cave_pods, zin_angel, nicolae_ossuary_entry_false_entrances
D:5:      layout_cave_pods, xom_teletrap_fun, uniq_grinder
D:6:      lemuel_insect_pit, layout_basic, serial_rivers,
          chequers_serial_rivers_micro_b, chequers_serial_rivers_small_3,
          chequers_serial_rivers_large_b, chequers_serial_rivers_small_a,
          hellmonk_no_cap
D:7:      layout_gridville, minmay_temple_entry_tees, guppyfry_shop_venom,
          uniq_pikel
D:8:      layout_cave_pools, overflow_temple_1_default, dpeg_lair_monsters,
          uniq_maggie
D:9:      layout_roguey, mainiacjoe_overflow_catch_the_wave, serial_shops,
          kennysheep_mini_moat
D:10:     layout_basic, nicolae_elyvilon_peaceful_grove,
          nicolae_overflow_hidden_temple, erik_orc_3, uniq_grum
D:11:     layout_irregular_city, uniq_harold, uniq_maurice, uniq_erica
D:12:     layout_long_grid, enter_trove_3
D:13:     layout_gridville, gauntlet_entry_generic
D:14:     layout_basic, david_vaults_3, nicolae_sextant
D:15:     hangedman_depths_entry_try_elsewhere_first, layout_basic
Temple:   regret_index_temple_waves

Skill      XL: |  1  2  3  4  5  6  7  8  9 10 11 12 |
---------------+-------------------------------------+-----
Stealth        | 1 2 3 |  3.0
Ranged Weapons | 3 4 7 9 10 | 10.8
Fighting       | 2 3 5 |  5.0
Spellcasting   | 2 3 4 6 8 |  8.0
Hexes          | 4 5 |  5.0
Summonings     | 3 4 |  4.0
Fire Magic     | 2 |  2.0
Ice Magic      | 3 6 9 10 | 10.8
Shields        | 3 |  3.9
Evocations     | 3 |  3.0
Dodging        | |  2.0

Action                     |  1- 3 |  4- 6 |  7- 9 | 10-12 || total
---------------------------+-------+-------+-------+-------++-------
  Melee: Unarmed           |       |       |     2 |       ||     2
         Constrict         |       |       |     1 |       ||     1
         Tentacles         |       |       |     1 |       ||     1
   Fire: Sling             |   112 |   172 |   212 |   397 ||   893
  Throw: Dart              |       |       |       |     2 ||     2
   Cast: Jinxbite          |    14 |    18 |    18 |     2 ||    52
         Inner Flame       |       |     5 |    30 |    60 ||    95
         Summon Guardian G |       |     3 |    12 |    29 ||    44
         Summon Small Mamm |       |     1 |     5 |     5 ||    11
         Call Canine Famil |       |       |    10 |    40 ||    50
         Dimensional Bulls |       |       |       |     1 ||     1
 Invoke: Curse Item        |       |       |       |     5 ||     5
  Evoke: Wand              |       |       |     2 |     7 ||     9
    Use: Scroll            |     1 |     7 |     6 |    10 ||    24
         Potion            |       |     1 |     3 |     6 ||    10
 Armour: Skin              |    19 |    37 |    70 |   154 ||   280
  Dodge: Dodged            |    29 |    44 |    82 |   119 ||   274
  Block: Buckler           |       |       |       |    11 ||    11

Table legend: (Time is in decaauts)
 A = Elapsed time spent in this place.
 B = Non-inter-level travel time spent in this place.
 C = Inter-level travel time spent in this place.
 D = Time resting spent in this place.
 E = Time spent auto-exploring this place.
 F = Levels seen in this place.
 G = Mean time per level.
                   A        B        C        D        E       F      G
               +--------+--------+--------+--------+--------+-----+--------+
         Total |  19725 |  18699 |   1026 |   3711 |  11519 |  17 | 1160.3 |
       Dungeon |  18548 |  17574 |    974 |   3609 |  10872 |  15 | 1236.5 |
        Temple |     54 |      2 |     52 |      0 |      0 |   1 |   54.0 |
       Ossuary |   1122 |   1122 |      0 |    102 |    647 |   1 | 1122.0 |
               +--------+--------+--------+--------+--------+-----+--------+

Top non-repeatable levels by time:
    D:10: 2732 daAuts
    D:11: 2695 daAuts
     D:7: 2692 daAuts
     D:6: 2169 daAuts
     D:8: 1551 daAuts
     D:5: 1391 daAuts
     D:9: 1177 daAuts
 Ossuary: 1122 daAuts
     D:2: 1029 daAuts
     D:4: 942 daAuts
     D:1: 893 daAuts
     D:3: 701 daAuts
    D:12: 239 daAuts
    D:15: 189 daAuts
    D:13: 140 daAuts
